 Dungeon Crawl Stone Soup version 0.20.1-1-g8b1a95d (webtiles) character file.

1119 Maskull the Slasher (level 8, -6/70 HPs)
             Began as a Hill Orc Fighter on Aug 22, 2017.
             Killed from afar by an electric eel (8 damage)
             ... with a bolt of electricity
             ... on level 3 of the Dungeon.
             The game lasted 00:19:12 (5135 turns).

Maskull the Slasher (Hill Orc Fighter)              Turns: 5135, Time: 00:19:13

Health: -6/70      AC:  8    Str: 21    XL:     8   Next: 34%
Magic:  8/8        EV:  8    Int:  8    God:
Gold:   301        SH: 10    Dex: 10    Spells: 7/7 levels left

rFire    + . .     SeeInvis .   a - +2 long sword
rCold    x . .     Gourm    .   c - +0 shield
rNeg     . . .     Faith    .   b - +1 scale mail
rPois    .         Spirit   .   (no helmet)
rElec    .         Reflect  .   (no cloak)
rCorr    .         Harm     .   (no gloves)
MR       .....                  (no boots)
Stlth    ..........             (no amulet)
Regen    0.3/turn               s - ring of fire
MPRegen  0.2/turn               i - ring of loudness (curse)

@: no status effects
A: no striking features
a: no special abilities


You were on level 3 of the Dungeon.
You were not hungry.

You visited 1 branch of the dungeon, and saw 6 of its levels.
You also visited: Ossuary.

You collected 301 gold pieces.

Inventory:

Hand Weapons
 a - a +2 long sword (weapon)
Armour
 b - a +1 scale mail (worn)
 c - a +0 shield (worn)
Jewellery
 i - a cursed ring of loudness (right hand)
 s - a ring of fire (left hand)
Wands
 g - a wand of polymorph (8/24)
 j - a wand of paralysis (16/24)
 k - a wand of polymorph (8/24)
 q - a wand of flame (9/48)
Scrolls
 h - a scroll of teleportation
 o - 3 scrolls of identify
Potions
 e - 2 potions of magic
 l - a potion of flight
 m - a potion of cancellation {unknown}
 n - 4 potions of curing
 p - a potion of berserk rage {unknown}
Comestibles
 d - 2 meat rations
 f - 5 bread rations


   Skills:
 + Level 5.8 Fighting
 + Level 7.1 Long Blades
 + Level 5.9 Armour
 + Level 1.2 Dodging
 + Level 0.5 Stealth
 + Level 5.2 Shields


You had 7 spell levels left.
You didn't know any spells.

Dungeon Overview and Level Annotations

Branches:
Dungeon (6/15)             Temple (0/1) D:6

Altars:
Dithmenos

Shops:
D:4 :   D:5 :

Annotations:
D:3 1 transporter


Message History

The bolt of electricity misses you. The bolt of electricity hits you!
The electric eel shoots out a bolt of lightning at you!
The bolt of electricity hits you! x2; The bolt of electricity hits the plant.
There is an open door here.
Evoke which item? (* to show all) (? for menu, Esc to quit)
Aiming: Throw Flame (will waste charges)
Press: ? - help, Shift-Dir - straight line, f - electric eel
Aim: an electric eel The puff of flame misses the electric eel.
Evoking this partially-identified wand wasted a few charges.
The electric eel is engulfed in a cloud of scalding steam.
The electric eel shoots out a bolt of lightning at you!
The bolt of electricity hits you! x2
* * * LOW HITPOINT WARNING * * *
The bolt of electricity hits the plant.
The electric eel shoots out a bolt of lightning at you!
The bolt of electricity hits you!
* * * LOW HITPOINT WARNING * * *
The bolt of electricity hits you!
You die...

....(..# #.####.###
##.#...... ....#<.# #.#
#.# #.##.###.
##..#.(####.# ##.##
#.##.###.
#.[.)>.....###...####
#.##..##.
#.##..####.....©....#
#.###.##.
#.##..####..#######.####.#
#.##.
#.##....)...#8...8#......#
#.##.
#.###.#.....#P...P#.######
#.###
#.........<.###@###.# #.#
##......###..#;...;#.# #.#
.....#.## #..#;...≈#.# #.#
≈≈≈≈.#.# #..#≈...≈#.# #)#
###§§#.# ##.#≈.♣.≈#.# #.#
# #≈.#.## #.#≈...≈#.#
#.### ###≈.#..#
#.#≈...≈#.# #.#..
≈≈§§.##.# #.#≈...≈#.#
#.#.. .....##.#
#.###+###.# #.#..


You could see 3 electric eels.

Vanquished Creatures
  Grinder (D:3)
  2 phantoms
  Blork the orc (D:4)
  A crimson imp (D:5)
  A centaur zombie (D:5)
  A hound (D:5)
  2 orc priests (D:3)
  A jelly (D:6)
  2 orc wizards (D:3)
  2 iguanas (D:5)
  Natasha (twice) (D:2)
  3 worker ants (D:5)
  3 mummies (Ossuary)
  4 gnolls
  4 adders
  2 shadow imps
  3 adder zombies (Ossuary)
  An adder skeleton (D:5)
  6 worms
  A dart slug (D:1)
  3 leopard geckos
  8 orcs
  A ball python (D:2)
  6 bats
  3 giant cockroaches
  A gnoll zombie (Ossuary)
  12 goblins
  10 hobgoblins
  10 jackals
  4 quokkas
  7 frilled lizards
  2 goblin zombies
  5 hobgoblin zombies (Ossuary)
  8 kobolds
  3 kobold zombies (Ossuary)
  3 quokka zombies (Ossuary)
  5 rats
  2 rat zombies (Ossuary)
136 creatures vanquished.

Notes
Turn   | Place    | Note
-------+----------+-------------------------------------------
     0 | D:1      | Maskull the Hill Orc Fighter began the quest for the Orb.
     0 | D:1      | Reached XP level 1. HP: 19/19 MP: 1/1
    56 | D:1      | Reached XP level 2. HP: 25/27 MP: 2/2
   374 | D:1      | Reached XP level 3. HP: 33/33 MP: 3/3
   602 | D:2      | Reached skill level 3 in Long Blades
   906 | D:2      | Reached XP level 4. HP: 36/40 MP: 4/4
   923 | D:2      | Found a shadowy altar of Dithmenos.
  1169 | D:2      | Noticed Natasha
  1460 | D:2      | Killed Natasha
  1704 | D:2      | Noticed Natasha
  1712 | D:2      | Killed Natasha
  1712 | D:2      | Reached XP level 5. HP: 34/47 MP: 5/5
  2048 | D:3      | Reached skill level 4 in Long Blades
  2111 | D:3      | Noticed Grinder
  2115 | D:3      | Paralysed by Grinder for 2 turns
  2118 | D:3      | Paralysed by Grinder for 2 turns
  2306 | D:3      | Found a transporter.
  2326 | D:3      | Found a transporter.
  2403 | D:3      | Reached XP level 6. HP: 54/55 MP: 6/6
  2454 | D:3      | Paralysed by Grinder for 4 turns
  2653 | D:3      | Paralysed by Grinder for 3 turns
  2668 | D:3      | Paralysed by Grinder for 5 turns
  2673 | D:3      | Killed Grinder
  2673 | D:3      | Reached skill level 5 in Fighting
  2673 | D:3      | Reached skill level 5 in Long Blades
  2921 | D:3      | Reached XP level 7. HP: 61/61 MP: 7/7
  3126 | D:4      | Noticed Blork the orc
  3133 | D:4      | Killed Blork the orc
  3481 | D:4      | Reached skill level 5 in Armour
  3481 | D:4      | Reached skill level 1 in Dodging
  3481 | D:4      | Reached skill level 5 in Shields
  3645 | D:4      | Found Miputs's Book Shop.
  3693 | D:4      | You fall through a shaft for 2 floors!
  3776 | D:5      | Entered Level 5 of the Dungeon
  3884 | D:5      | Reached skill level 6 in Long Blades
  3884 | D:5      | Reached XP level 8. HP: 37/70 MP: 8/8
  4152 | D:5      | Found Ciots's Book Boutique.
  4257 | D:5      | Found a sand-covered staircase.
  4264 | Ossuary  | Entered an ossuary
  4279 | Ossuary  | Reached skill level 7 in Long Blades
  5135 | D:3      | HP: 2/70 [electric eel/bolt of electricity (5)]
  5135 | D:3      | Killed from afar by an electric eel

Skill      XL: |  1  2  3  4  5  6  7  8 |
---------------+-------------------------+-----
Fighting       | 4 5 |  5.8
Long Blades    | 3 4 5 6 7 |  7.1
Shields        | 4 5 |  5.2
Armour         | 4 5 |  5.9
Dodging        | 1 |  1.2
Stealth        | |  0.5

Action                   |  1- 3 |  4- 6 |  7- 9 || total
-------------------------+-------+-------+-------++-------
Melee: Long sword        |   126 |   127 |   236 ||   489
Evoke: Wand              |       |       |     3 ||     3
  Use: Scroll            |       |    12 |     3 ||    15
       Potion            |       |     8 |     1 ||     9
  Eat: Chunk             |       |     2 |       ||     2
       Royal jelly       |       |     1 |     1 ||     2
       Bread ration      |       |     1 |     1 ||     2
Armor: Scale mail        |    43 |    50 |    78 ||   171
       Skin              |       |    10 |       ||    10
Dodge: Dodged            |    37 |    40 |    62 ||   139
Block: Shield            |    76 |    67 |   100 ||   243
       Rpst.: Long sword |    12 |    11 |    18 ||    41
